[ AOE2 MATCH · #475313262 ]
Team RMMalay vs Khitans
[ REPLAY ANALYSIS · EXTRACTED FROM THE RECORDED GAME ]
Feudal
10:19
Castle
17:49
Imperial
—
| APM avg | 9.5 |
| APM peak | 26 |
| eAPM avg | 7.3 |
| Villagers / military | 62 / 27 |
Focus
⚔️ 19.6% · 🌾 80.4%
Battle Elephant ×23 · Archer ×4
Feudal
10:32
Castle
15:42
Imperial
40:21
| APM avg | 37.9 |
| APM peak | 86 |
| eAPM avg | 14.4 |
| Villagers / military | 114 / 168 |
Focus
⚔️ 27.7% · 🌾 72.3%
Huskarl ×123 · Spearman ×38 · Trebuchet (Packed) ×7
Feudal
11:55
Castle
15:44
Imperial
39:10
| APM avg | 31.2 |
| APM peak | 66 |
| eAPM avg | 17.7 |
| Villagers / military | 111 / 49 |
Focus
⚔️ 26.3% · 🌾 73.7%
Throwing Axeman ×40 · Battering Ram ×3 · Monk ×2 · Trebuchet (Packed) ×2 · Knight ×1 · Mangonel ×1
Feudal
10:18
Castle
15:19
Imperial
42:52
| APM avg | 37.4 |
| APM peak | 73 |
| eAPM avg | 21.5 |
| Villagers / military | 126 / 119 |
Focus
⚔️ 31.6% · 🌾 68.4%
Camel Scout ×72 · Steppe Lancer ×27 · Battering Ram ×20 · Unknown (1920) ×9
Feudal
10:07
Castle
22:54
Imperial
—
| APM avg | 28.4 |
| APM peak | 55 |
| eAPM avg | 15.8 |
| Villagers / military | 149 / 46 |
Focus
⚔️ 15.4% · 🌾 84.6%
Hussite Wagon ×35 · Archer ×7 · Mangonel ×4
Feudal
10:13
Castle
20:08
Imperial
37:16
| APM avg | 28.5 |
| APM peak | 101 |
| eAPM avg | 10.7 |
| Villagers / military | 75 / 65 |
Focus
⚔️ 31.7% · 🌾 68.3%
Cavalry Archer ×59 · Archer ×6
Match map
Resources at game start + every placement click. Thick line = wall · dashed box = detected house wall. 🟡 gold · ⚪ stone · 🟢 berries · 🔶 boar · ⭕ relic
Inputs per minute
— Lord Bendtner - - Saint Innocent
Build order — Lord Bendtner
117 actions detected in the replay
| 0:08 | Create | Villager (Male) ×4 |
| 0:10 | Build | House |
| 1:33 | Create | Villager (Male) |
| 1:33 | Create | Villager (Male) |
| 1:52 | Build | House |
| 1:54 | Build | House |
| 2:07 | Create | Villager (Male) |
| 2:30 | Create | Villager (Male) |
| 2:54 | Create | Villager (Male) |
| 3:02 | Create | Villager (Male) |
| 3:33 | Create | Villager (Male) |
| 3:42 | Build | Lumber Camp |
| 3:46 | Create | Villager (Male) |
| 4:01 | Create | Villager (Male) |
| 4:27 | Create | Villager (Male) |
| 4:29 | Create | Villager (Male) |
| 4:43 | Research | Loom |
| 4:47 | Create | Villager (Male) |
| 5:10 | Create | Villager (Male) |
| 5:19 | Build | House |
| 5:21 | Build | House |
| 5:44 | Create | Villager (Male) ×3 |
| 7:12 | Build | Mill |
| 8:10 | Build | Mining Camp |
| 8:19 | Create | Villager (Male) |
| 9:01 | Research | Feudal Age |
| 10:19 | Age | Feudal Age |
| 10:24 | Create | Villager (Male) ×4 |
| 10:53 | Build | House |
| 10:54 | Build | House |
| 11:00 | Build | Market |
| 11:03 | Build | Blacksmith |
| 11:11 | Create | Villager (Male) ×2 |
| 11:16 | Research | Double-Bit Axe |
| 11:20 | Build | Farm |
| 11:42 | Build | Farm |
| 11:51 | Research | Horse Collar |
| 12:10 | Build | Farm |
| 12:13 | Create | Villager (Male) ×2 |
| 12:28 | Create | Villager (Male) |
| 12:40 | Build | Farm |
| 13:48 | Build | Farm |
| 13:49 | Build | Farm |
| 13:50 | Build | Farm |
| 13:52 | Build | Farm |
| 13:53 | Build | Farm |
| 13:54 | Build | Farm |
| 13:55 | Build | Farm |
| 13:56 | Build | Farm |
| 13:59 | Build | Farm |
| 14:38 | Build | Barracks |
| 14:49 | Build | Farm |
| 16:13 | Research | Castle Age |
| 16:39 | Research | Gold Mining |
| 17:18 | Research | Wheelbarrow |
| 17:49 | Age | Castle Age |
| 17:54 | Build | Town Center |
| 18:10 | Build | Town Center |
| 18:39 | Create | Villager (Male) ×5 |
| 18:51 | Build | Stable |
| 19:06 | Create | Villager (Male) ×3 |
| 19:26 | Create | Villager (Male) |
| 19:48 | Create | Battle Elephant |
| 20:00 | Build | University |
| 20:03 | Build | Farm |
| 20:05 | Build | Farm |
| 20:09 | Create | Villager (Male) ×2 |
| 20:15 | Create | Battle Elephant |
| 21:01 | Create | Battle Elephant ×3 |
| 21:14 | Create | Villager (Male) ×2 |
| 22:10 | Research | Forging |
| 22:10 | Research | Scale Barding Armor |
| 22:13 | Build | Farm |
| 22:14 | Create | Villager (Male) |
| 22:26 | Build | Monastery |
| 22:39 | Create | Battle Elephant ×2 |
| 22:57 | Build | Stable |
| 23:21 | Create | Battle Elephant ×3 |
| 23:34 | Build | Building 487 |
| 24:02 | Build | House |
| 24:04 | Build | House |
| 24:32 | Create | Battle Elephant |
| 24:32 | Create | Battle Elephant |
| 24:35 | Build | House |
| 24:36 | Build | House |
| 24:43 | Create | Villager (Male) |
| 24:50 | Build | House |
| 25:22 | Build | Stone Wall |
| 25:30 | Build | Stone Wall |
| 25:33 | Build | House |
| 25:37 | Create | Battle Elephant |
| 25:39 | Create | Villager (Male) ×5 |
| 25:40 | Create | Villager (Male) |
| 25:44 | Build | House |
| 26:01 | Build | House |
| 26:02 | Build | House |
| 26:03 | Build | House |
| 26:04 | Build | House |
| 26:18 | Create | Villager (Male) ×4 |
| 26:24 | Create | Villager (Male) |
| 26:47 | Create | Battle Elephant ×2 |
| 27:15 | Create | Battle Elephant ×2 |
| 28:00 | Create | Battle Elephant ×3 |
| 28:35 | Build | House |
| 28:59 | Build | Town Center |
| 29:06 | Research | Stone Mining |
| 29:08 | Create | Villager (Male) ×5 |
| 29:43 | Build | Archery Range |
| 29:48 | Create | Battle Elephant ×3 |
| 29:57 | Create | Villager (Male) |
| 30:12 | Build | Mining Camp |
| 30:31 | Create | Archer ×4 |
| 31:02 | Research | Thumb Ring |
| 31:10 | Build | Archery Range |
| 31:13 | Research | Fletching |
| 33:10 | Build | Town Center |
| 33:57 | Build | Town Center |
Build order — Saint Innocent
First 150 of 276 actions detected
| 0:04 | Build | House |
| 0:06 | Build | House |
| 0:11 | Create | Villager (Male) ×4 |
| 1:38 | Create | Villager (Male) |
| 1:38 | Create | Villager (Male) |
| 1:38 | Create | Villager (Male) |
| 2:00 | Build | Lumber Camp |
| 2:29 | Create | Villager (Male) |
| 2:30 | Create | Villager (Male) |
| 3:58 | Create | Villager (Male) |
| 3:58 | Create | Villager (Male) |
| 3:59 | Create | Villager (Male) |
| 3:59 | Create | Villager (Male) |
| 4:32 | Build | House |
| 5:32 | Create | Villager (Male) |
| 5:32 | Create | Villager (Male) |
| 5:47 | Build | Mill |
| 5:53 | Create | Villager (Male) |
| 5:54 | Create | Villager (Male) |
| 6:41 | Build | House |
| 7:03 | Create | Villager (Male) |
| 7:03 | Create | Villager (Male) |
| 8:22 | Research | Feudal Age |
| 9:23 | Create | Villager (Male) |
| 9:24 | Create | Villager (Male) |
| 9:24 | Create | Villager (Male) |
| 9:32 | Build | House |
| 9:39 | Build | House |
| 9:50 | Build | Mining Camp |
| 10:32 | Age | Feudal Age |
| 10:42 | Create | Villager (Male) |
| 10:42 | Create | Villager (Male) |
| 10:50 | Build | Blacksmith |
| 11:28 | Create | Villager (Male) |
| 11:36 | Build | Market |
| 13:02 | Research | Castle Age |
| 13:09 | Research | Double-Bit Axe |
| 13:10 | Research | Double-Bit Axe |
| 13:51 | Build | Mining Camp |
| 14:00 | Research | Stone Mining |
| 14:21 | Research | Horse Collar |
| 14:31 | Create | Villager (Male) |
| 14:31 | Create | Villager (Male) |
| 14:55 | Build | Farm |
| 15:01 | Build | Farm |
| 15:05 | Build | Farm |
| 15:16 | Create | Villager (Male) |
| 15:34 | Build | Farm |
| 15:38 | Build | Farm |
| 15:42 | Age | Castle Age |
| 16:04 | Create | Villager (Male) |
| 16:12 | Build | Farm |
| 16:23 | Build | Town Center |
| 16:30 | Build | Farm |
| 16:31 | Build | Farm |
| 16:36 | Build | Farm |
| 16:37 | Build | Farm |
| 16:44 | Create | Villager (Male) |
| 16:48 | Build | Farm |
| 16:51 | Create | Villager (Male) |
| 17:21 | Create | Villager (Male) |
| 17:34 | Build | House |
| 17:36 | Build | House |
| 17:37 | Build | House |
| 17:42 | Create | Villager (Male) |
| 17:42 | Create | Villager (Male) |
| 17:44 | Research | Loom |
| 18:08 | Build | Farm |
| 18:30 | Research | Gold Mining |
| 18:35 | Create | Villager (Male) |
| 18:35 | Create | Villager (Male) |
| 18:35 | Create | Villager (Male) |
| 18:43 | Build | Farm |
| 18:49 | Build | Farm |
| 19:09 | Build | Castle |
| 19:23 | Create | Villager (Male) |
| 19:23 | Create | Villager (Male) |
| 19:23 | Create | Villager (Male) |
| 19:32 | Build | Farm |
| 19:41 | Create | Villager (Male) |
| 19:51 | Research | Heavy Plow |
| 19:51 | Research | Heavy Plow |
| 19:58 | Build | Farm |
| 20:16 | Build | Town Center |
| 20:32 | Create | Villager (Male) |
| 20:32 | Create | Villager (Male) |
| 20:43 | Create | Huskarl |
| 20:43 | Create | Huskarl |
| 20:43 | Create | Huskarl |
| 20:51 | Create | Huskarl |
| 20:54 | Create | Villager (Male) |
| 20:55 | Create | Villager (Male) |
| 21:12 | Build | Farm |
| 21:12 | Build | Farm |
| 21:12 | Build | Farm |
| 21:13 | Build | Farm |
| 21:14 | Build | Farm |
| 21:22 | Create | Huskarl |
| 21:41 | Create | Villager (Male) |
| 21:41 | Create | Villager (Male) |
| 21:41 | Create | Villager (Male) |
| 21:44 | Create | Villager (Male) |
| 21:55 | Create | Huskarl |
| 22:07 | Build | Farm |
| 22:11 | Create | Villager (Male) |
| 22:11 | Create | Villager (Male) |
| 22:30 | Research | Scale Mail Armor |
| 22:38 | Create | Huskarl |
| 22:44 | Build | Farm |
| 22:47 | Build | Farm |
| 22:52 | Create | Villager (Male) |
| 22:53 | Create | Villager (Male) |
| 22:53 | Create | Villager (Male) |
| 23:21 | Create | Huskarl |
| 23:21 | Create | Huskarl |
| 23:39 | Create | Huskarl |
| 23:40 | Create | Huskarl |
| 23:41 | Create | Villager (Male) |
| 23:41 | Create | Villager (Male) |
| 23:42 | Create | Villager (Male) |
| 23:42 | Create | Villager (Male) |
| 24:03 | Create | Huskarl |
| 24:03 | Create | Huskarl |
| 24:14 | Create | Huskarl |
| 24:15 | Create | Huskarl |
| 24:51 | Create | Huskarl |
| 24:51 | Create | Huskarl |
| 25:05 | Build | Barracks |
| 25:07 | Build | Barracks |
| 25:08 | Build | Barracks |
| 25:13 | Research | Forging |
| 25:14 | Research | Chain Mail Armor |
| 25:31 | Create | Huskarl |
| 25:31 | Create | Huskarl |
| 25:41 | Create | Villager (Male) |
| 25:41 | Create | Villager (Male) |
| 25:41 | Create | Villager (Male) |
| 25:45 | Create | Huskarl |
| 25:53 | Build | Mill |
| 25:54 | Build | Farm |
| 25:55 | Build | Farm |
| 25:55 | Build | Farm |
| 25:55 | Build | Farm |
| 25:56 | Build | Farm |
| 25:57 | Build | Farm |
| 25:58 | Build | Farm |
| 26:03 | Create | Villager (Male) |
| 26:04 | Create | Villager (Male) |
| 26:04 | Create | Villager (Male) |
| 26:24 | Research | Pikeman (upgrade) |
Build order — Miffybaba
First 150 of 276 actions detected
| 0:02 | Create | Villager (Male) |
| 0:02 | Create | Villager (Male) |
| 0:04 | Build | House |
| 0:08 | Build | House |
| 0:09 | Build | House |
| 0:30 | Create | Villager (Male) |
| 0:34 | Create | Villager (Male) |
| 0:34 | Create | Villager (Male) |
| 1:13 | Build | House |
| 1:35 | Create | Villager (Male) |
| 1:35 | Create | Villager (Male) |
| 1:56 | Build | Lumber Camp |
| 2:08 | Create | Villager (Male) |
| 2:08 | Create | Villager (Male) |
| 2:26 | Create | Villager (Male) |
| 2:26 | Create | Villager (Male) |
| 2:59 | Create | Villager (Male) |
| 2:59 | Create | Villager (Male) |
| 3:12 | Create | Villager (Male) |
| 3:54 | Create | Villager (Male) |
| 4:16 | Create | Villager (Male) |
| 4:16 | Create | Villager (Male) |
| 5:00 | Create | Villager (Male) |
| 5:12 | Create | Villager (Male) |
| 5:31 | Create | Villager (Male) |
| 6:14 | Create | Villager (Male) |
| 6:22 | Create | Villager (Male) |
| 6:59 | Create | Villager (Male) |
| 7:04 | Build | Mill |
| 7:17 | Create | Villager (Male) |
| 7:40 | Create | Villager (Male) |
| 7:52 | Create | Villager (Male) |
| 8:43 | Build | House |
| 8:52 | Create | Villager (Male) |
| 9:42 | Create | Villager (Male) |
| 9:45 | Research | Feudal Age |
| 10:02 | Build | Mining Camp |
| 10:51 | Build | Barracks |
| 11:52 | Create | Villager (Male) |
| 11:55 | Age | Feudal Age |
| 11:58 | Build | Stable |
| 12:11 | Build | Blacksmith |
| 12:35 | Build | Mining Camp |
| 13:04 | Research | Castle Age |
| 13:10 | Build | Palisade Wall |
| 13:18 | Build | House |
| 13:21 | Build | Farm |
| 13:38 | Research | Double-Bit Axe |
| 13:39 | Research | Stone Mining |
| 13:51 | Build | Palisade Wall |
| 14:07 | Build | Palisade Wall |
| 14:09 | Build | Farm |
| 14:38 | Research | Fletching |
| 15:18 | Build | Farm |
| 15:32 | Build | Farm |
| 15:44 | Age | Castle Age |
| 15:48 | Create | Villager (Male) |
| 15:50 | Research | Loom |
| 16:40 | Build | Castle |
| 16:42 | Create | Villager (Male) |
| 17:15 | Create | Villager (Male) |
| 17:40 | Build | Farm |
| 17:40 | Build | Farm |
| 17:42 | Create | Villager (Male) |
| 18:23 | Create | Villager (Male) |
| 18:58 | Build | Siege Workshop |
| 18:59 | Create | Villager (Male) |
| 19:01 | Build | Farm |
| 19:21 | Create | Mangonel |
| 19:36 | Create | Knight |
| 20:01 | Create | Villager (Male) |
| 20:06 | Create | Throwing Axeman |
| 20:17 | Create | Villager (Male) |
| 20:33 | Build | Barracks |
| 20:41 | Build | Farm |
| 20:42 | Create | Villager (Male) |
| 20:47 | Build | House |
| 20:47 | Build | House |
| 20:49 | Build | House |
| 21:11 | Create | Villager (Male) |
| 21:24 | Create | Throwing Axeman |
| 22:20 | Create | Battering Ram |
| 22:23 | Create | Villager (Male) |
| 22:23 | Create | Villager (Male) |
| 22:30 | Build | Lumber Camp |
| 22:55 | Create | Villager (Male) |
| 23:00 | Build | Farm |
| 23:11 | Build | Castle |
| 23:25 | Research | Wheelbarrow |
| 23:45 | Create | Villager (Male) |
| 24:03 | Build | House |
| 24:04 | Build | House |
| 24:04 | Build | House |
| 24:36 | Build | Town Center |
| 25:00 | Build | Town Center |
| 25:01 | Create | Villager (Male) |
| 25:22 | Research | Hand Cart |
| 26:07 | Create | Villager (Male) |
| 26:17 | Build | House |
| 26:19 | Build | House |
| 26:26 | Create | Villager (Male) |
| 26:27 | Create | Villager (Male) |
| 26:53 | Create | Battering Ram |
| 26:58 | Create | Villager (Male) |
| 27:17 | Create | Throwing Axeman |
| 27:18 | Create | Throwing Axeman |
| 27:50 | Build | University |
| 27:55 | Create | Throwing Axeman |
| 27:56 | Create | Throwing Axeman |
| 28:53 | Build | Farm |
| 28:54 | Build | Farm |
| 28:55 | Research | Murder Holes |
| 28:56 | Create | Villager (Male) |
| 28:56 | Create | Villager (Male) |
| 29:24 | Create | Villager (Male) |
| 29:27 | Build | Farm |
| 29:29 | Build | House |
| 29:30 | Build | House |
| 29:34 | Create | Villager (Male) |
| 29:38 | Build | Farm |
| 29:39 | Build | Farm |
| 29:40 | Build | Farm |
| 29:40 | Build | Farm |
| 29:41 | Build | Farm |
| 29:44 | Build | Farm |
| 29:48 | Build | Building 487 |
| 29:53 | Build | Farm |
| 30:03 | Create | Battering Ram |
| 30:06 | Create | Villager (Male) |
| 30:07 | Create | Villager (Male) |
| 30:21 | Build | Farm |
| 30:22 | Build | Farm |
| 30:23 | Build | Farm |
| 30:23 | Build | Farm |
| 30:24 | Build | Farm |
| 30:25 | Build | Farm |
| 30:25 | Create | Villager (Male) |
| 30:26 | Create | Villager (Male) |
| 30:35 | Build | Building 490 |
| 30:36 | Build | Stone Wall |
| 30:37 | Create | Villager (Male) |
| 30:38 | Create | Villager (Male) |
| 30:51 | Build | Farm |
| 31:09 | Create | Throwing Axeman |
| 31:10 | Create | Throwing Axeman |
| 31:10 | Create | Throwing Axeman |
| 31:18 | Create | Throwing Axeman |
| 31:19 | Create | Throwing Axeman |
| 31:19 | Create | Throwing Axeman |
| 31:22 | Build | Farm |
Build order — AEK
First 150 of 390 actions detected
| 0:02 | Create | Villager (Male) |
| 0:02 | Create | Villager (Male) |
| 0:03 | Build | House |
| 0:05 | Build | House |
| 0:06 | Create | Villager (Male) |
| 0:06 | Create | Villager (Male) |
| 0:06 | Create | Villager (Male) |
| 1:40 | Create | Villager (Male) |
| 1:40 | Create | Villager (Male) |
| 2:13 | Build | Lumber Camp |
| 2:17 | Create | Villager (Male) |
| 2:17 | Create | Villager (Male) |
| 2:40 | Create | Villager (Male) |
| 2:41 | Create | Villager (Male) |
| 2:41 | Create | Villager (Male) |
| 3:32 | Create | Villager (Male) |
| 3:33 | Create | Villager (Male) |
| 3:33 | Create | Villager (Male) |
| 3:33 | Create | Villager (Male) |
| 3:56 | Create | Villager (Male) |
| 3:57 | Create | Villager (Male) |
| 4:10 | Build | House |
| 4:12 | Build | House |
| 4:16 | Create | Villager (Male) |
| 4:17 | Create | Villager (Male) |
| 5:19 | Build | Mill |
| 5:26 | Create | Villager (Male) |
| 5:26 | Create | Villager (Male) |
| 5:40 | Create | Villager (Male) |
| 5:40 | Create | Villager (Male) |
| 6:22 | Create | Villager (Male) |
| 6:22 | Create | Villager (Male) |
| 7:54 | Build | Mining Camp |
| 8:01 | Build | Mining Camp |
| 8:03 | Research | Feudal Age |
| 8:36 | Build | House |
| 9:40 | Build | Pasture |
| 9:48 | Build | Pasture |
| 9:49 | Build | Pasture |
| 9:56 | Create | Villager (Male) |
| 9:57 | Create | Villager (Male) |
| 10:18 | Age | Feudal Age |
| 10:24 | Create | Villager (Male) |
| 10:32 | Build | Market |
| 11:21 | Create | Villager (Male) |
| 11:21 | Create | Villager (Male) |
| 11:30 | Build | Blacksmith |
| 11:53 | Build | Pasture |
| 11:58 | Create | Villager (Male) |
| 12:39 | Research | Castle Age |
| 12:39 | Research | Castle Age |
| 13:21 | Build | Barracks |
| 13:30 | Create | Villager (Male) |
| 13:31 | Create | Villager (Male) |
| 13:41 | Research | Double-Bit Axe |
| 14:09 | Build | House |
| 14:15 | Build | Stable |
| 14:50 | Build | Stable |
| 15:07 | Research | Gold Mining |
| 15:10 | Build | House |
| 15:13 | Create | Villager (Male) |
| 15:17 | Create | Villager (Male) |
| 15:19 | Age | Castle Age |
| 15:23 | Create | Steppe Lancer |
| 15:24 | Create | Steppe Lancer |
| 15:24 | Create | Steppe Lancer |
| 15:52 | Create | Villager (Male) |
| 15:53 | Create | Villager (Male) |
| 15:56 | Build | Pasture |
| 16:02 | Create | Steppe Lancer |
| 16:02 | Create | Steppe Lancer |
| 16:02 | Create | Steppe Lancer |
| 16:24 | Build | House |
| 16:28 | Build | House |
| 16:34 | Create | Steppe Lancer |
| 16:34 | Create | Steppe Lancer |
| 16:38 | Create | Villager (Male) |
| 17:19 | Build | Siege Workshop |
| 17:24 | Research | Wheelbarrow |
| 17:39 | Create | Villager (Male) |
| 17:39 | Create | Villager (Male) |
| 17:51 | Create | Villager (Male) |
| 18:00 | Build | Town Center |
| 18:17 | Build | Town Center |
| 18:30 | Create | Villager (Male) |
| 18:38 | Build | Town Center |
| 18:42 | Create | Villager (Male) |
| 18:44 | Create | Steppe Lancer |
| 18:45 | Create | Steppe Lancer |
| 18:46 | Create | Steppe Lancer |
| 18:46 | Create | Steppe Lancer |
| 19:01 | Build | House |
| 19:29 | Create | Villager (Male) |
| 19:55 | Create | Battering Ram |
| 19:56 | Create | Battering Ram |
| 19:58 | Create | Villager (Male) |
| 19:58 | Create | Villager (Male) |
| 19:59 | Create | Villager (Male) |
| 20:00 | Create | Camel Scout |
| 20:05 | Create | Steppe Lancer |
| 20:05 | Create | Steppe Lancer |
| 20:19 | Create | Steppe Lancer |
| 20:19 | Create | Steppe Lancer |
| 20:33 | Create | Battering Ram |
| 20:33 | Create | Battering Ram |
| 20:45 | Create | Villager (Male) |
| 20:45 | Create | Villager (Male) |
| 20:45 | Create | Villager (Male) |
| 20:54 | Create | Battering Ram |
| 20:54 | Create | Battering Ram |
| 21:09 | Build | Pasture |
| 21:11 | Create | Villager (Male) |
| 21:20 | Build | Pasture |
| 21:22 | Create | Villager (Male) |
| 21:25 | Build | House |
| 21:29 | Build | House |
| 21:29 | Build | House |
| 21:29 | Build | House |
| 22:18 | Research | Husbandry |
| 22:19 | Research | Husbandry |
| 22:29 | Build | Pasture |
| 22:29 | Build | Pasture |
| 22:30 | Build | Pasture |
| 22:30 | Build | Pasture |
| 22:30 | Build | Pasture |
| 22:30 | Build | Pasture |
| 22:31 | Build | Pasture |
| 22:46 | Create | Camel Scout |
| 22:46 | Create | Camel Scout |
| 22:46 | Create | Camel Scout |
| 22:47 | Create | Camel Scout |
| 22:55 | Build | House |
| 22:59 | Build | Pasture |
| 23:15 | Create | Villager (Male) |
| 23:15 | Create | Villager (Male) |
| 23:15 | Create | Villager (Male) |
| 23:39 | Research | Forging |
| 24:02 | Create | Camel Scout |
| 24:02 | Create | Camel Scout |
| 24:03 | Create | Villager (Male) |
| 24:03 | Create | Villager (Male) |
| 24:08 | Build | Pasture |
| 24:21 | Build | Town Center |
| 24:27 | Research | Wheelbarrow |
| 24:28 | Research | Wheelbarrow |
| 24:58 | Create | Camel Scout |
| 24:59 | Create | Camel Scout |
| 24:59 | Create | Villager (Male) |
| 25:00 | Create | Villager (Male) |
| 25:00 | Create | Villager (Male) |
Build order — jdima.07
First 150 of 325 actions detected
| 0:02 | Create | Villager (Male) |
| 0:04 | Build | House |
| 0:06 | Build | House |
| 0:15 | Create | Villager (Male) |
| 0:15 | Create | Villager (Male) |
| 0:16 | Create | Villager (Male) |
| 1:30 | Create | Villager (Male) |
| 1:30 | Create | Villager (Male) |
| 1:31 | Create | Villager (Male) |
| 2:00 | Create | Villager (Male) |
| 2:03 | Create | Villager (Male) |
| 2:04 | Create | Villager (Male) |
| 2:39 | Build | Lumber Camp |
| 2:47 | Create | Villager (Male) |
| 2:47 | Create | Villager (Male) |
| 2:52 | Create | Villager (Male) |
| 2:52 | Create | Villager (Male) |
| 3:10 | Build | House |
| 3:12 | Build | House |
| 3:26 | Create | Villager (Male) |
| 3:26 | Create | Villager (Male) |
| 3:26 | Create | Villager (Male) |
| 3:35 | Create | Villager (Male) |
| 3:36 | Create | Villager (Male) |
| 4:08 | Create | Villager (Male) |
| 4:10 | Create | Villager (Male) |
| 4:10 | Create | Villager (Male) |
| 4:11 | Create | Villager (Male) |
| 4:56 | Create | Villager (Male) |
| 4:56 | Create | Villager (Male) |
| 4:57 | Create | Villager (Male) |
| 5:20 | Build | Mill |
| 5:38 | Create | Villager (Male) |
| 5:38 | Create | Villager (Male) |
| 5:39 | Create | Villager (Male) |
| 6:26 | Create | Villager (Male) |
| 6:26 | Create | Villager (Male) |
| 7:17 | Build | Mining Camp |
| 7:21 | Create | Villager (Male) |
| 7:49 | Research | Feudal Age |
| 7:49 | Research | Feudal Age |
| 7:58 | Build | Lumber Camp |
| 8:19 | Build | House |
| 8:20 | Build | House |
| 8:43 | Research | Loom |
| 8:44 | Research | Loom |
| 8:46 | Create | Villager (Male) |
| 9:27 | Build | Barracks |
| 9:31 | Build | House |
| 9:52 | Create | Villager (Male) |
| 10:07 | Age | Feudal Age |
| 10:24 | Build | Archery Range |
| 10:38 | Build | Palisade Gate |
| 10:45 | Research | Double-Bit Axe |
| 10:46 | Research | Double-Bit Axe |
| 11:12 | Create | Villager (Male) |
| 11:13 | Create | Villager (Male) |
| 11:20 | Build | House |
| 11:23 | Create | Archer |
| 11:23 | Create | Archer |
| 11:23 | Create | Archer |
| 11:38 | Build | Blacksmith |
| 11:41 | Build | House |
| 11:54 | Build | Archery Range |
| 12:03 | Create | Villager (Male) |
| 12:21 | Build | House |
| 12:28 | Create | Archer |
| 12:28 | Create | Archer |
| 12:29 | Create | Villager (Male) |
| 12:34 | Build | Watch Tower |
| 12:44 | Build | Watch Tower |
| 12:58 | Create | Villager (Male) |
| 12:59 | Create | Villager (Male) |
| 13:05 | Build | Mining Camp |
| 13:15 | Build | House |
| 13:49 | Build | House |
| 13:57 | Build | Stone Wall |
| 14:04 | Create | Villager (Male) |
| 14:04 | Create | Villager (Male) |
| 14:04 | Create | Villager (Male) |
| 14:04 | Create | Villager (Male) |
| 14:05 | Create | Villager (Male) |
| 14:08 | Build | Farm |
| 14:12 | Build | Farm |
| 14:37 | Build | Farm |
| 14:39 | Build | Farm |
| 14:57 | Build | Farm |
| 15:18 | Build | Farm |
| 15:22 | Build | Farm |
| 15:30 | Create | Villager (Male) |
| 15:41 | Create | Archer |
| 15:41 | Create | Archer |
| 15:58 | Build | Farm |
| 15:59 | Build | Farm |
| 16:00 | Build | Farm |
| 16:02 | Create | Villager (Male) |
| 16:02 | Create | Villager (Male) |
| 16:03 | Create | Villager (Male) |
| 16:19 | Build | Farm |
| 16:21 | Create | Villager (Male) |
| 16:21 | Create | Villager (Male) |
| 16:34 | Build | Farm |
| 16:48 | Create | Villager (Male) |
| 17:06 | Build | Stone Wall |
| 17:16 | Build | Stone Wall |
| 17:18 | Build | Stone Wall |
| 17:19 | Build | Stone Wall |
| 17:30 | Create | Villager (Male) |
| 17:33 | Create | Villager (Male) |
| 17:33 | Create | Villager (Male) |
| 17:43 | Build | Building 487 |
| 18:09 | Build | Building 487 |
| 18:29 | Build | Building 487 |
| 18:34 | Create | Villager (Male) |
| 18:34 | Create | Villager (Male) |
| 18:40 | Build | Market |
| 18:47 | Build | House |
| 18:48 | Build | House |
| 19:04 | Build | Farm |
| 19:42 | Build | Farm |
| 19:44 | Build | Farm |
| 19:53 | Build | Building 490 |
| 20:14 | Research | Castle Age |
| 20:15 | Research | Castle Age |
| 20:31 | Build | Building 487 |
| 20:42 | Build | House |
| 20:53 | Build | Lumber Camp |
| 21:14 | Build | House |
| 21:16 | Build | House |
| 21:18 | Build | House |
| 21:24 | Build | House |
| 21:51 | Create | Villager (Male) |
| 21:52 | Create | Villager (Male) |
| 21:57 | Build | Lumber Camp |
| 22:47 | Create | Villager (Male) |
| 22:48 | Research | Town Watch |
| 22:49 | Research | Town Watch |
| 22:54 | Age | Castle Age |
| 23:13 | Build | Town Center |
| 23:51 | Build | Castle |
| 24:01 | Create | Villager (Male) |
| 24:02 | Create | Villager (Male) |
| 24:02 | Create | Villager (Male) |
| 24:36 | Create | Villager (Male) |
| 24:48 | Create | Hussite Wagon |
| 24:48 | Create | Hussite Wagon |
| 24:49 | Create | Hussite Wagon |
| 25:02 | Build | Farm |
| 25:22 | Build | Siege Workshop |
| 25:47 | Build | Farm |
Build order — 超级番茄鼠
First 150 of 200 actions detected
| 0:08 | Create | Villager (Male) |
| 0:08 | Create | Villager (Male) |
| 0:08 | Create | Villager (Male) |
| 0:09 | Create | Villager (Male) |
| 1:23 | Create | Villager (Male) |
| 1:23 | Create | Villager (Male) |
| 1:59 | Create | Villager (Male) |
| 2:00 | Create | Villager (Male) |
| 2:17 | Create | Villager (Male) |
| 2:18 | Create | Villager (Male) |
| 2:45 | Create | Villager (Male) |
| 2:53 | Create | Villager (Male) |
| 2:54 | Create | Villager (Male) |
| 3:26 | Create | Villager (Male) |
| 3:27 | Create | Villager (Male) |
| 3:49 | Create | Villager (Male) |
| 4:27 | Create | Villager (Male) |
| 4:28 | Create | Villager (Male) |
| 4:36 | Create | Villager (Male) |
| 4:37 | Create | Villager (Male) |
| 4:50 | Build | Lumber Camp |
| 5:19 | Create | Villager (Male) |
| 5:30 | Create | Villager (Male) |
| 5:30 | Create | Villager (Male) |
| 5:46 | Create | Villager (Male) |
| 6:14 | Create | Villager (Male) |
| 6:26 | Build | Mill |
| 6:31 | Create | Villager (Male) |
| 8:01 | Research | Feudal Age |
| 8:14 | Build | Mining Camp |
| 8:33 | Build | Farm |
| 8:36 | Build | Farm |
| 9:39 | Build | Barracks |
| 9:45 | Create | Villager (Male) |
| 9:45 | Create | Villager (Male) |
| 10:13 | Age | Feudal Age |
| 10:14 | Research | Double-Bit Axe |
| 10:15 | Research | Double-Bit Axe |
| 10:43 | Build | Archery Range |
| 10:56 | Create | Villager (Male) |
| 10:56 | Create | Villager (Male) |
| 11:06 | Build | Archery Range |
| 11:32 | Build | Farm |
| 12:02 | Build | Watch Tower |
| 12:09 | Create | Archer |
| 12:09 | Create | Archer |
| 12:22 | Create | Villager (Male) |
| 12:22 | Create | Villager (Male) |
| 12:38 | Create | Archer |
| 12:38 | Create | Archer |
| 13:02 | Create | Villager (Male) |
| 13:02 | Create | Villager (Male) |
| 13:20 | Build | Mining Camp |
| 13:37 | Create | Archer |
| 13:41 | Create | Villager (Male) |
| 13:41 | Create | Villager (Male) |
| 13:44 | Build | Farm |
| 13:47 | Build | Farm |
| 13:56 | Build | Farm |
| 14:21 | Build | Blacksmith |
| 14:29 | Create | Villager (Male) |
| 14:30 | Create | Villager (Male) |
| 14:45 | Create | Archer |
| 14:57 | Research | Fletching |
| 14:57 | Research | Fletching |
| 15:43 | Build | Market |
| 16:01 | Create | Villager (Male) |
| 16:01 | Create | Villager (Male) |
| 16:01 | Create | Villager (Male) |
| 17:28 | Research | Castle Age |
| 19:08 | Build | Watch Tower |
| 20:08 | Age | Castle Age |
| 20:11 | Create | Villager (Male) |
| 20:11 | Create | Villager (Male) |
| 20:20 | Research | Bow Saw |
| 20:23 | Research | Stone Mining |
| 20:26 | Build | Farm |
| 20:27 | Create | Villager (Male) |
| 21:39 | Create | Villager (Male) |
| 21:40 | Create | Villager (Male) |
| 21:40 | Create | Villager (Male) |
| 21:40 | Create | Villager (Male) |
| 21:40 | Create | Villager (Male) |
| 21:41 | Create | Villager (Male) |
| 21:42 | Create | Villager (Male) |
| 21:46 | Build | Farm |
| 21:47 | Build | Farm |
| 21:48 | Build | Farm |
| 21:50 | Build | Farm |
| 21:51 | Build | Farm |
| 21:54 | Build | Farm |
| 22:40 | Create | Villager (Male) |
| 22:51 | Build | Archery Range |
| 22:55 | Build | Archery Range |
| 23:00 | Create | Villager (Male) |
| 23:00 | Create | Villager (Male) |
| 23:21 | Create | Villager (Male) |
| 23:28 | Build | Lumber Camp |
| 24:14 | Create | Villager (Male) |
| 24:38 | Build | Town Center |
| 24:42 | Create | Cavalry Archer |
| 24:42 | Create | Cavalry Archer |
| 24:42 | Create | Cavalry Archer |
| 24:51 | Research | Bodkin Arrow |
| 25:20 | Create | Cavalry Archer |
| 25:21 | Create | Cavalry Archer |
| 25:21 | Create | Cavalry Archer |
| 25:21 | Create | Cavalry Archer |
| 25:21 | Create | Cavalry Archer |
| 25:53 | Create | Villager (Male) |
| 25:53 | Create | Villager (Male) |
| 25:54 | Create | Villager (Male) |
| 26:15 | Create | Cavalry Archer |
| 26:15 | Create | Cavalry Archer |
| 26:15 | Create | Cavalry Archer |
| 26:16 | Create | Cavalry Archer |
| 26:16 | Create | Cavalry Archer |
| 26:16 | Create | Cavalry Archer |
| 26:16 | Create | Cavalry Archer |
| 26:17 | Create | Cavalry Archer |
| 26:17 | Create | Cavalry Archer |
| 26:17 | Create | Cavalry Archer |
| 26:34 | Build | Farm |
| 26:36 | Build | Farm |
| 26:41 | Create | Villager (Male) |
| 26:44 | Research | Gold Mining |
| 26:46 | Create | Villager (Male) |
| 26:47 | Create | Villager (Male) |
| 26:58 | Build | Castle |
| 28:17 | Research | Padded Archer Armor |
| 28:20 | Create | Cavalry Archer |
| 28:21 | Create | Cavalry Archer |
| 28:21 | Create | Cavalry Archer |
| 28:21 | Create | Cavalry Archer |
| 28:21 | Create | Cavalry Archer |
| 28:22 | Create | Cavalry Archer |
| 28:28 | Create | Cavalry Archer |
| 28:28 | Create | Cavalry Archer |
| 28:28 | Create | Cavalry Archer |
| 28:29 | Create | Cavalry Archer |
| 28:29 | Create | Cavalry Archer |
| 28:29 | Create | Cavalry Archer |
| 28:29 | Create | Cavalry Archer |
| 28:55 | Build | Castle |
| 29:34 | Build | Barracks |
| 29:37 | Build | Barracks |
| 30:14 | Create | Cavalry Archer |
| 30:14 | Create | Cavalry Archer |
| 30:14 | Create | Cavalry Archer |
| 30:14 | Create | Cavalry Archer |
Match timeline
| 9:27 | jdima.07 · first_building Barracks |
| 9:39 | 超级番茄鼠 · first_building Barracks |
| 10:07 | jdima.07 · age_up feudal |
| 10:13 | 超级番茄鼠 · age_up feudal |
| 10:18 | AEK · age_up feudal |
| 10:19 | Lord Bendtner · age_up feudal |
| 10:24 | jdima.07 · first_building Archery Range |
| 10:32 | Saint Innocent · age_up feudal |
| 10:43 | 超级番茄鼠 · first_building Archery Range |
| 10:51 | Miffybaba · first_building Barracks |
| 11:55 | Miffybaba · age_up feudal |
| 11:58 | Miffybaba · first_building Stable |
| 13:10 | Miffybaba · wall_segment Palisade Wall x1 |
| 13:21 | AEK · first_building Barracks |
| 13:51 | Miffybaba · wall_segment Palisade Wall x1 |
| 13:57 | jdima.07 · wall_segment Stone Wall x1 |
| 14:07 | Miffybaba · wall_segment Palisade Wall x3 |
| 14:15 | AEK · first_building Stable |
| 14:38 | Lord Bendtner · first_building Barracks |
| 15:19 | AEK · age_up castle |
| 15:42 | Saint Innocent · age_up castle |
| 15:44 | Miffybaba · age_up castle |
| 15:49 | Saint Innocent · first_market_buy 100 stone |
| 16:37 | 超级番茄鼠 · first_market_sell 100 wood |
| 16:39 | 超级番茄鼠 · first_market_buy 100 food |
| 16:40 | Miffybaba · first_building Castle |
| 17:06 | jdima.07 · wall_segment Stone Wall x21 |
| 17:16 | jdima.07 · wall_segment Stone Wall x7 |
| 17:18 | jdima.07 · wall_segment Stone Wall x6 |
| 17:19 | jdima.07 · wall_segment Stone Wall x2 |
| 17:19 | AEK · first_building Siege Workshop |
| 17:49 | Lord Bendtner · age_up castle |
| 18:11 | AEK · first_market_buy 100 wood |
| 18:51 | Lord Bendtner · first_building Stable |
| 18:58 | Miffybaba · first_building Siege Workshop |
| 19:09 | Saint Innocent · first_building Castle |
| 20:00 | jdima.07 · first_market_buy 100 food |
| 20:08 | 超级番茄鼠 · age_up castle |
| 22:26 | Lord Bendtner · first_building Monastery |
| 22:54 | jdima.07 · age_up castle |
| 23:38 | jdima.07 · first_market_sell 100 food |
| 23:51 | jdima.07 · first_building Castle |
| 25:05 | Saint Innocent · first_building Barracks |
| 25:22 | Lord Bendtner · wall_segment Stone Wall x1 |
| 25:22 | jdima.07 · first_building Siege Workshop |
| 25:30 | Lord Bendtner · wall_segment Stone Wall x1 |
| 26:58 | 超级番茄鼠 · first_building Castle |
| 29:43 | Lord Bendtner · first_building Archery Range |
| 30:36 | Miffybaba · wall_segment Stone Wall x1 |
| 32:20 | Miffybaba · wall_segment Stone Wall x1 |
| 33:24 | 超级番茄鼠 · first_building Monastery |
| 33:26 | AEK · first_market_sell 100 food |
| 34:48 | 超级番茄鼠 · first_building Stable |
| 35:26 | Miffybaba · wall_segment Stone Wall x1 |
| 35:38 | Miffybaba · wall_segment Stone Wall x1 |
| 36:15 | Lord Bendtner · resign |
| 37:16 | 超级番茄鼠 · age_up imperial |
| 38:54 | Saint Innocent · first_building Monastery |
| 39:10 | Miffybaba · age_up imperial |
| 39:23 | AEK · first_building Castle |
| 39:50 | Miffybaba · first_building Monastery |
| 40:21 | Saint Innocent · age_up imperial |
| 42:52 | AEK · age_up imperial |
[ AI ANALYSIS · 1 CREDIT ]
What really happened in this match?
Wolo.gg analyzes every decision: build order, eco, micro, common mistakes by bracket. Personalized analysis on WhatsApp or Discord in 30 seconds.
Civ guide
Malay
Map guide
Hideout
Perfil
Lord Bendtner